 Dungeon Sprint DCSS version 0.30-a0-824-g6c64550be9 (webtiles) character file.

Game seed: 15861780625194401765

8600000 BigDaddyOpFi the Ninja (level 27, 0/298 HPs)
             Began as a Naga Warper on Feb 27, 2023.
             Was the Champion of Makhleb.
             Killed by the air
             ... invoked by a tyrant
              (38 damage)
             ... in the Dungeon (Sprint VIII: "Arena of Blood").
             The game lasted 00:01:34 (86 turns).

BigDaddyOpFi the Ninja (Naga Warper)                  Turns: 86, Time: 00:01:35

Health: 0/298      AC: 14    Str: 15    XL:     27
Magic:  26/54      EV: 31    Int: 14    God:    Makhleb [******]
Gold:   0          SH:  0    Dex: 23    Spells: 80/80 levels left

rFire   . . .      SeeInvis +    i - +∞ Axe of Woe
rCold   . . .      Faith    .    (shield currently unavailable)
rNeg    . . .      Spirit   .    a - +0 leather armour
rPois   +          Reflect  .    (no helmet)
rElec   .          Harm     .    (no cloak)
rCorr   .          Rampage  .    (no gloves)
Will    +++..      NoTele   +    (no barding)
Stlth   ++++++++++               (no amulet)
HPRegen 0.69/turn                (no ring)
MPRegen 0.34/turn                (no ring)

@: very slow
A: AC +9, large, see invisible, deformed body, poison resistance, slowness 2,
spit poison 1, naga tail 2
a: Spit Poison, Renounce Religion, Minor Destruction, Lesser Servant of Makhleb,
Major Destruction, Greater Servant of Makhleb


You were in the Dungeon.
You worshipped Makhleb.
Makhleb was exalted by your worship.
You visited 1 branch

Inventory:

Hand Weapons
 i - the +∞ Axe of Woe (weapon)
   (You found it in the Dungeon)
Missiles
 c - 7 boomerangs of dispersal (quivered)
Armour
 a - a +0 leather armour (worn)
Scrolls
 b - 2 scrolls of blinking
Potions
 d - a potion of curing
 f - a potion of haste
 g - 2 potions of magic
 h - a potion of berserk rage


   Skills:
 O Level 27 Fighting
 + Level 19.3(22.4) Short Blades
 + Level 19.3(22.4) Long Blades
 O Level 27 Axes
 O Level 27 Maces & Flails
 O Level 27 Polearms
 O Level 27 Staves
 + Level 17.9 Ranged Weapons
 O Level 27 Throwing
 O Level 27 Armour
 O Level 27 Dodging
 O Level 27 Stealth
 + Level 17.8 Shields
 O Level 27 Unarmed Combat
 O Level 27 Spellcasting
 + Level 19.4 Conjurations
 + Level 19.3 Summonings
 + Level 19.4 Necromancy
 O Level 27 Translocations
 + Level 19.3 Transmutations
 + Level 19.3 Fire Magic
 + Level 19.4 Ice Magic
 + Level 19.4 Air Magic
 + Level 19.4 Earth Magic
 + Level 24.3 Poison Magic
 O Level 27 Invocations
 + Level 19.3 Evocations


You had 80 spell levels left.
You didn't know any spells.
Your spell library contained the following spells:

 Spells                   Type           Power      Damage    Failure   Level
 Blink                    Tloc           100%       N/A       0%          2
 Lesser Beckoning         Tloc           100%       N/A       0%          2
 Teleport Other           Tloc           76%        N/A       0%          3
 Vhi's Electric Charge    Tloc/Air       100%       N/A       0%          3
 Manifold Assault         Tloc           76%        N/A       0%          4


Dungeon Overview and Level Annotations

Branches:
Dungeon (1/1)

Altars:
Makhleb


Innate Abilities, Weirdness & Mutations

Your serpentine skin is tough. (AC +9)
You have supernaturally acute eyesight. (SInv)
Armour fits poorly on your strangely shaped body.
Your system is resistant to poisons. (rPois)
You cover ground very slowly.
You can spit poison.
You can use your snake-like lower body to constrict enemies.


Message History

You hear a shout! x2
The accursed points at you and mumbles some strange words.
Something smites you!
A bag of meat comes into view. It is wielding a +9 war axe.
You hear a shout!
An accursed comes into view.
The meat berserker rages.
The tyrant casts a spell.
You hear a shout!
The tyrant casts a spell.
The tyrant seems to speed up.
You hear a shout!
A meat berserker comes into view. It is wielding a +9 battleaxe.
You hear a shout!
Unknown command.
The observer turns its gaze towards you.
You hit the bag of meat.
You butcher the bag of meat messily.
You kill the bag of meat!
Makhleb accepts your kill.
You slice the tentacled monstrosity!!
You hew the tentacled monstrosity savagely.
You kill the tentacled monstrosity!
The tentacled monstrosity disappears in a puff of smoke!
You are engulfed in blazing flames.
* * * LOW HITPOINT WARNING * * *
You hear a shout!
The tentacled monstrosity disappears in a puff of smoke!
The large abomination disappears in a puff of smoke!
You hear a shout! x2
The tyrant waves its bony arms in wide circles.
The air twists around and strikes you!!!
* * * LOW HITPOINT WARNING * * *
You hear a shout!
The observer gazes at you. Something smites you!
* * * LOW HITPOINT WARNING * * *
A meat berserker comes into view. It is wielding a +9 battleaxe.
The tyrant waves its bony arms in wide circles.
The air twists around and strikes you!!!
You die...

.. ..... #. ....#
#.. .G.# .o
.###.. ...###...
..O...###........
V....._)M.......
#..o☼§# #_.<)_#
#..)§@#
......_.O§O2zo..
......###§§LLoo.O
.###.. .XX###.XV
#.. .X.# .. #.
...o# .. ....M
.....X


You could see an accursed, a meat beast (fast), 2 tyrants, a destroyer, an
observer (fast, invisible), a sculptor of flesh, a large bag of meat (inner
flame), a large abomination (summoned), 3 meat berserkers and 4 bags of meat.

Vanquished Creatures
  4 hell beasts (D)
  A wraith (D)
  6 vampire knights (D)
  28 ogres (D)
  5 two-headed ogres (D)
  26 orcs (D)
  3 skeletal warriors (D)
73 creatures vanquished.

Notes
Turn   | Place    | Note
-------+----------+-------------------------------------------
     0 | D        | Found the +∞ Axe of Woe
     0 | D        | BigDaddyOpFi the Naga Warper began the quest for the Orb.
     0 | D        | Reached XP level 1. HP: 19/19 MP: 3/3
     2 | D        | Noticed a meat berserker
     2 | D        | Noticed a bag of meat
     3 | D        | Noticed a bag of meat
     3 | D        | Noticed a bag of meat
     3 | D        | Noticed a bag of meat
     4 | D        | Killed a meat berserker
     4 | D        | Noticed a bag of meat
     5 | D        | Reached skill level 10 in Throwing
     5 | D        | Reached skill level 10 in Armour
     5 | D        | Reached skill level 10 in Dodging
     5 | D        | Reached skill level 10 in Spellcasting
     5 | D        | Reached XP level 2. HP: 45/45 MP: 3/13
     5 | D        | Reached XP level 3. HP: 52/52 MP: 3/15
     5 | D        | Reached XP level 4. HP: 61/61 MP: 3/16
     5 | D        | Reached XP level 5. HP: 68/68 MP: 3/18
     5 | D        | Reached XP level 6. HP: 75/75 MP: 3/19
     5 | D        | Reached XP level 7. HP: 82/82 MP: 3/21
     5 | D        | Reached XP level 8. HP: 91/91 MP: 3/22
     5 | D        | Reached XP level 9. HP: 98/98 MP: 3/23
     5 | D        | Reached XP level 10. HP: 106/106 MP: 3/24
     5 | D        | Reached XP level 11. HP: 114/114 MP: 3/25
     5 | D        | Reached XP level 12. HP: 121/121 MP: 3/26
     5 | D        | Became a worshipper of Makhleb the Destroyer
     5 | D        | Noticed a meat berserker
     6 | D        | Noticed a bag of meat
     6 | D        | Noticed a meat berserker
     6 | D        | Noticed a bag of meat
     7 | D        | Killed a bag of meat
     7 | D        | Noticed a meat berserker
     7 | D        | Noticed a meat berserker
     8 | D        | Killed a bag of meat
     8 | D        | Reached * piety under Makhleb
     8 | D        | Killed a meat berserker
     8 | D        | Killed a bag of meat
     8 | D        | Noticed a meat berserker
     8 | D        | Noticed a bag of meat
     8 | D        | Noticed a bag of meat
     9 | D        | Gained mutation: You can use your snake-like lower body to
                  | constrict enemies. [Naga growth]
     9 | D        | Reached XP level 13. HP: 19/136 MP: 4/30
     9 | D        | Reached XP level 14. HP: 20/145 MP: 4/31
     9 | D        | Killed a bag of meat
     9 | D        | Reached ** piety under Makhleb
     9 | D        | Killed a meat berserker
     9 | D        | Killed a meat berserker
     9 | D        | Killed a bag of meat
     9 | D        | Reached *** piety under Makhleb
     9 | D        | Killed a meat berserker
     9 | D        | Noticed a bag of meat
    10 | D        | Reached skill level 15 in Throwing
    10 | D        | Reached skill level 15 in Spellcasting
    10 | D        | Reached XP level 15. HP: 154/160 MP: 4/34
    10 | D        | Reached XP level 16. HP: 163/169 MP: 4/35
    10 | D        | Noticed a meat berserker
    11 | D        | Killed a meat berserker
    11 | D        | Reached **** piety under Makhleb
    11 | D        | Noticed a meat berserker
    11 | D        | Noticed a meat berserker
    12 | D        | Reached skill level 15 in Armour
    12 | D        | Reached skill level 15 in Dodging
    12 | D        | Reached XP level 17. HP: 181/181 MP: 5/38
    12 | D        | Noticed a meat berserker
    14 | D        | Killed a meat berserker
    14 | D        | Reached ***** piety under Makhleb
    14 | D        | Noticed a destroyer
    15 | D        | Killed a meat berserker
    15 | D        | Noticed a meat berserker
    16 | D        | Reached XP level 18. HP: 195/195 MP: 6/40
    16 | D        | Killed a meat berserker
    16 | D        | Noticed a meat berserker
    17 | D        | Killed a meat berserker
    17 | D        | Noticed a large bag of meat
    18 | D        | Reached skill level 27 in Stealth
    18 | D        | Killed a meat berserker
    18 | D        | Reached ****** piety under Makhleb
    19 | D        | Reached XP level 19. HP: 208/208 MP: 7/43
    19 | D        | Killed a destroyer
    19 | D        | Killed a meat berserker
    21 | D        | Noticed a destroyer
    24 | D        | Killed a large bag of meat
    25 | D        | Reached XP level 20. HP: 210/225 MP: 8/46
    26 | D        | Noticed a large bag of meat
    30 | D        | Noticed a meat berserker
    32 | D        | Noticed a destroyer
    32 | D        | Noticed a meat berserker
    32 | D        | Noticed a large bag of meat
    33 | D        | Killed a large bag of meat
    34 | D        | Noticed a large bag of meat
    35 | D        | Killed a meat berserker
    36 | D        | Reached XP level 21. HP: 230/240 MP: 11/48
    36 | D        | Killed a destroyer
    36 | D        | Noticed a meat berserker
    38 | D        | Killed a meat berserker
    38 | D        | Killed a meat berserker
    39 | D        | Reached skill level 27 in Fighting
    39 | D        | Reached skill level 27 in Unarmed Combat
    39 | D        | Reached skill level 27 in Translocations
    39 | D        | Reached skill level 27 in Invocations
    42 | D        | Killed a large bag of meat
    43 | D        | Reached XP level 22. HP: 175/254 MP: 13/51
    43 | D        | Killed a large bag of meat
    47 | D        | Reached skill level 27 in Axes
    49 | D        | Reached skill level 27 in Throwing
    49 | D        | Reached skill level 27 in Spellcasting
    51 | D        | Reached skill level 27 in Armour
    51 | D        | Reached skill level 27 in Dodging
    51 | D        | Noticed a destroyer
    53 | D        | Killed a destroyer
    54 | D        | Reached XP level 23. HP: 249/262 MP: 16/54
    59 | D        | Noticed a destroyer
    61 | D        | Noticed a meat beast
    62 | D        | Killed a destroyer
    67 | D        | Killed a meat beast
    67 | D        | Noticed a large bag of meat
    68 | D        | Reached skill level 27 in Maces & Flails
    68 | D        | Reached skill level 27 in Polearms
    68 | D        | Reached skill level 27 in Staves
    68 | D        | Reached skill level 1 in Short Blades
    68 | D        | Reached skill level 1 in Long Blades
    68 | D        | Reached skill level 1 in Ranged Weapons
    68 | D        | Reached skill level 1 in Shields
    68 | D        | Reached skill level 1 in Conjurations
    68 | D        | Reached skill level 1 in Summonings
    68 | D        | Reached skill level 1 in Necromancy
    68 | D        | Reached skill level 1 in Transmutations
    68 | D        | Reached skill level 1 in Fire Magic
    68 | D        | Reached skill level 1 in Ice Magic
    68 | D        | Reached skill level 1 in Air Magic
    68 | D        | Reached skill level 1 in Earth Magic
    68 | D        | Reached skill level 1 in Evocations
    68 | D        | Reached XP level 24. HP: 243/272 MP: 20/54
    68 | D        | Noticed a meat beast
    69 | D        | Noticed a dread
    70 | D        | Reached skill level 5 in Ranged Weapons
    70 | D        | Reached skill level 5 in Shields
    70 | D        | Reached skill level 5 in Summonings
    70 | D        | Reached skill level 5 in Necromancy
    70 | D        | Reached skill level 5 in Fire Magic
    70 | D        | Reached skill level 5 in Evocations
    70 | D        | Noticed a meat beast
    70 | D        | Noticed a meat beast
    70 | D        | Noticed a destroyer
    71 | D        | Noticed an accursed
    72 | D        | Noticed a large bag of meat
    72 | D        | Noticed a destroyer
    72 | D        | Noticed a destroyer
    72 | D        | Noticed a tyrant
    72 | D        | Noticed a tyrant
    73 | D        | Reached skill level 10 in Poison Magic
    73 | D        | Killed a meat beast
    74 | D        | Reached skill level 10 in Ranged Weapons
    74 | D        | Reached skill level 10 in Shields
    74 | D        | Reached XP level 25. HP: 140/280 MP: 22/54
    74 | D        | Killed a destroyer
    75 | D        | Reached skill level 15 in Poison Magic
    75 | D        | Killed a destroyer
    77 | D        | Noticed a destroyer
    78 | D        | Killed a meat beast
    78 | D        | Killed a large bag of meat
    78 | D        | Noticed a meat beast
    79 | D        | Reached skill level 15 in Short Blades
    79 | D        | Reached skill level 15 in Long Blades
    79 | D        | Reached skill level 15 in Conjurations
    79 | D        | Reached skill level 15 in Summonings
    79 | D        | Reached skill level 15 in Necromancy
    79 | D        | Reached skill level 15 in Transmutations
    79 | D        | Reached skill level 15 in Fire Magic
    79 | D        | Reached skill level 15 in Ice Magic
    79 | D        | Reached skill level 15 in Air Magic
    79 | D        | Reached skill level 15 in Earth Magic
    79 | D        | Reached skill level 15 in Evocations
    79 | D        | Reached XP level 26. HP: 135/290 MP: 24/54
    82 | D        | Killed a dread
    83 | D        | Reached XP level 27. HP: 75/298 MP: 25/54
    83 | D        | Killed a meat beast
    85 | D        | Noticed an accursed
    86 | D        | Killed from afar by a tyrant

Illustrated notes

Levels and vault maps discovered:
D:        meatsprint

Skill      XL: |  1  2  3  4  5  6  7  8  9 10 11 12 13 14 15 16 17 18 19 20 21 22 23 24 25 26 27 |
---------------+----------------------------------------------------------------------------------+-----
Fighting       | 11 14 17 18 20 22 23 25 27 | 27.0
Throwing       | 10 13 15 17 18 20 22 23 25 27 | 27.0
Armour         | 10 12 14 15 17 19 20 22 24 27 | 27.0
Dodging        | 10 12 14 15 17 19 20 22 24 27 | 27.0
Unarmed Combat | 11 14 17 18 20 22 23 25 27 | 27.0
Spellcasting   | 10 13 15 17 18 20 22 23 25 27 | 27.0
Translocations | 12 14 17 18 20 22 24 25 27 | 27.0
Axes           | 8 13 14 17 19 21 23 26 27 | 27.0
Stealth        | 13 19 22 25 27 | 27.0
Invocations    | 9 14 16 18 21 23 25 27 | 27.0
Maces & Flails | 18 27 | 27.0
Polearms       | 18 27 | 27.0
Staves         | 27 | 27.0
Short Blades   | 1 11 15 17 19 | 19.3
Long Blades    | 1 11 15 17 19 | 19.3
Ranged Weapons | 1 10 14 16 17 | 17.9
Shields        | 1 10 14 16 17 | 17.8
Conjurations   | 1 11 15 17 19 | 19.4
Summonings     | 1 11 15 17 19 | 19.3
Necromancy     | 1 11 15 17 19 | 19.4
Transmutations | 1 11 15 17 19 | 19.3
Fire Magic     | 1 11 15 17 19 | 19.3
Ice Magic      | 1 11 15 17 19 | 19.4
Air Magic      | 1 11 15 17 19 | 19.4
Earth Magic    | 1 11 15 17 19 | 19.4
Poison Magic   | 2 14 19 22 24 | 24.3
Evocations     | 1 11 15 17 19 | 19.3

Action                     |  1- 3 |  4- 6 |  7- 9 | 10-12 | 13-15 | 16-18 | 19-21 | 22-24 | 25-27 || total
---------------------------+-------+-------+-------+-------+-------+-------+-------+-------+-------++-------
  Melee: Executioner's axe |     1 |       |       |     2 |     1 |     6 |    12 |    14 |    10 ||    46
    Use: Potion            |       |       |       |       |       |       |       |       |     1 ||     1
 Armour: Leather armour    |       |       |       |       |       |       |       |       |     1 ||     1
  Dodge: Dodged            |       |       |       |       |       |     1 |       |     1 |       ||     2

Table legend: (Time is in decaauts)
 A = Elapsed time spent in this place.
 B = Non-inter-level travel time spent in this place.
 C = Inter-level travel time spent in this place.
 D = Time resting spent in this place.
 E = Time spent auto-exploring this place.
 F = Levels seen in this place.
 G = Mean time per level.
                   A        B        C        D        E       F      G
               +--------+--------+--------+--------+--------+-----+--------+
         Total |     81 |     81 |      0 |      0 |      0 |   1 |   81.0 |
       Dungeon |     81 |     81 |      0 |      0 |      0 |   1 |   81.0 |
               +--------+--------+--------+--------+--------+-----+--------+

Top non-repeatable levels by time:
       D: 81 daAuts
